 Dungeon Sprint DCSS version 0.21.2 (webtiles) character file.

177 Flooderbenga the Grave Robber (level 5, -1/37 (41) HPs)
             Began as a Gnoll Necromancer on Oct 13, 2018.
             Slain by a necrophage (8 damage)
             ... in the Dungeon (Sprint II: "The Violet Keep of Menkaure").
             The game lasted 00:01:48 (30 turns).

Flooderbenga the Grave Robber (Gnoll Necromancer)     Turns: 30, Time: 00:01:48

HP:   -1/37 (41)    AC:  2    Str: 10    XL:     5   Next: 57%
MP:   9/13          EV: 16    Int: 18    God:
Gold: 0             SH:  0    Dex: 16    Spells: 14/16 levels left

rFire    . . .     SeeInvis .     - Unarmed
rCold    . . .     Gourm    .   (no shield)
rNeg     . . .     Faith    .   a - +0 robe
rPois    .         Spirit   .   (no helmet)
rElec    .         Reflect  .   (no cloak)
rCorr    .         Harm     .   (no gloves)
MR       .....     NoTele   +   (no boots)
Stlth    +++.......             (no amulet)
HPRegen  0.00/turn              (no ring)
MPRegen  0.13/turn              (no ring)

@: berserk cooldown, non-regenerating, badly diseased, slowed, very slow
A: distributed training, fangs 1, strong nose
a: no special abilities


You were in the Dungeon.
You were not hungry.

You visited 1 branch

Inventory:

Armour
 a - a +0 robe (worn)
Scrolls
 i - a scroll of blinking {@r4}
Potions
 e - a potion of heal wounds {@q2}
 f - a potion of haste {@q3}
 g - 2 potions of magic
 q - a potion of curing {@q1}
Books
 b - a book of Necromancy

   Spells                             Type                      Level
   a - Pain                           Necromancy                   1
   b - Animate Skeleton               Necromancy                   1
   c - Vampiric Draining              Necromancy                   3
   d - Regeneration                   Charms/Necromancy            3
   e - Animate Dead                   Necromancy                   4
   f - Borgnjor's Vile Clutch         Necromancy/Earth             5
Comestibles
 c - a ration


   Skills:
 + Level 3.6 Fighting
 + Level 3.6 Short Blades
 + Level 3.6 Long Blades
 + Level 3.6 Axes
 + Level 3.6 Maces & Flails
 + Level 3.6 Polearms
 + Level 3.6 Staves
 + Level 3.6 Slings
 + Level 3.6 Bows
 + Level 3.6 Crossbows
 + Level 3.6 Throwing
 + Level 3.6 Armour
 + Level 5.9 Dodging
 + Level 5.6 Stealth
 + Level 3.6 Shields
 + Level 3.6 Unarmed Combat
 + Level 6.2 Spellcasting
 + Level 3.0 Conjurations
 + Level 3.0 Hexes
 + Level 3.0 Charms
 + Level 3.0 Summonings
 + Level 7.8 Necromancy
 + Level 3.0 Translocations
 + Level 3.0 Transmutations
 + Level 3.0 Fire Magic
 + Level 3.0 Ice Magic
 + Level 3.0 Air Magic
 + Level 3.0 Earth Magic
 + Level 3.0 Poison Magic
 + Level 4.0 Invocations
 + Level 3.6 Evocations


You had 14 spell levels left.
You knew the following spells:

 Your Spells              Type           Power        Failure   Level  Hunger
a - Pain                  Necr           ####         1%          1    None
b - Animate Skeleton      Necr           N/A          1%          1    None


Dungeon Overview and Level Annotations

Branches:
Dungeon (1/1)

Altars:


Innate Abilities, Weirdness & Mutations

Your experience applies equally to all skills.
You have very sharp teeth.
Your uncanny sense of smell can sniff out nearby items.


Message History

You have reached level 5!
You regained 3 hp, and now have 15/38 hp.
You hit the necrophage but do no damage.
The necrophage closely misses you. x2
You closely miss the necrophage. Your bite misses the necrophage.
The necrophage closely misses you.
You hit the necrophage. The necrophage closely misses you.
The necrophage hits you.
* * * LOW HITPOINT WARNING * * *
You hit the necrophage but do no damage.
The necrophage misses you.
You hit the necrophage but do no damage.
The necrophage closely misses you.
You hit the necrophage. The necrophage hits you.
* * * LOW HITPOINT WARNING * * *
You feel ill.
You feel your flesh rotting away! The necrophage barely misses you.
You barely miss the necrophage. Your bite misses the necrophage.
The necrophage hits you!
You die...

∆ ∆ ∆ #
#+# .##
##.##...#
+.<@nn#
∆##.##...#
#+# .## #
∆ ∆


You could see 2 necrophages.

Vanquished Creatures
  2 necrophages (D)
2 creatures vanquished.

Vanquished Creatures (others)
  A crocodile (D)
1 creature vanquished.

Grand Total: 3 creatures vanquished

Notes
Turn   | Place    | Note
-------+----------+-------------------------------------------
     0 | D        | Flooderbenga the Gnoll Necromancer began the quest for the Orb.
     0 | D        | Reached XP level 1. HP: 13/13 MP: 6/6
     2 | D        | Learned a level 1 spell: Animate Skeleton
     3 | D        | Noticed a necrophage
     3 | D        | Noticed a necrophage
     3 | D        | Noticed a necrophage
     3 | D        | Noticed a necrophage
    14 | D        | Killed a necrophage
    14 | D        | Reached skill level 5 in Dodging
    14 | D        | Reached skill level 5 in Stealth
    14 | D        | Reached skill level 5 in Spellcasting
    14 | D        | Reached XP level 2. HP: 23/23 MP: 6/8
    14 | D        | Reached XP level 3. HP: 28/28 MP: 7/10
    14 | D        | Reached XP level 4. HP: 34/34 MP: 7/11
    23 | D        | Killed a necrophage
    23 | D        | Reached XP level 5. HP: 15/38 MP: 7/13
    30 | D        | Killed a crocodile
    30 | D        | Slain by a necrophage

Skill      XL: |  1  2  3  4 |
---------------+-------------+-----
Fighting       | 2 3 |  3.6
Short Blades   | 2 3 |  3.6
Long Blades    | 2 3 |  3.6
Axes           | 2 3 |  3.6
Maces & Flails | 2 3 |  3.6
Polearms       | 2 3 |  3.6
Staves         | 2 3 |  3.6
Slings         | 2 3 |  3.6
Bows           | 2 3 |  3.6
Crossbows      | 2 3 |  3.6
Throwing       | 2 3 |  3.6
Armour         | 2 3 |  3.6
Dodging        | 5 |  5.9
Stealth        | 5 |  5.6
Shields        | 2 3 |  3.6
Unarmed Combat | 2 3 |  3.6
Spellcasting   | 5 6 |  6.2
Conjurations   | 2 3 |  3.0
Hexes          | 2 3 |  3.0
Charms         | 2 3 |  3.0
Summonings     | 2 3 |  3.0
Translocations | 2 3 |  3.0
Transmutations | 2 3 |  3.0
Fire Magic     | 2 3 |  3.0
Ice Magic      | 2 3 |  3.0
Air Magic      | 2 3 |  3.0
Earth Magic    | 2 3 |  3.0
Poison Magic   | 2 3 |  3.0
Invocations    | 3 4 |  4.0
Evocations     | 2 3 |  3.6
Necromancy     | |  7.8

Action                   |  1- 3 |  4- 6 || total
-------------------------+-------+-------++-------
Melee: Unarmed           |     9 |    16 ||    25
       Bite              |     3 |     1 ||     4
  Use: Potion            |     1 |       ||     1
Dodge: Dodged            |     4 |     9 ||    13
